[Event "Team 45 45 League T34"]
[Site "Internet Chess Club"]
[Date "2007.08.06"]
[Round "3"]
[White "tmac63"]
[Black "ffplayer"]
[Result "1/2-1/2"]
[WhiteElo "1076"]
[BlackElo "1288"]
[Opening "Ruy Lopez: Graz variation"]
[ECO "C70"]
[Time "22:04:38"]
[TimeControl "2700+45"]

1. e4 e5 2. Nf3 Nc6 3. Bb5 a6 4. Ba4 b5 5. Bb3 Bc5 6. O-O Nf6 7. Nc3 d6 8. Ne2
Na5 9. d4 Nxb3 10. axb3 exd4 11. Nfxd4 O-O 12. Qd3 Bxd4 13. Nxd4 Bb7 14. Bg5 Re8
15. Rae1 h6 16. Bh4 c5 17. Nf5 Re6 18. Qg3 Qf8 19. Re3 Nh5 20. Qg4 Rg6 21. Qxh5
Re8 22. Rfe1 d5 23. e5 d4 24. Re4 Bxe4 25. Rxe4 Ree6 26. c3 dxc3 27. bxc3 c4 28.
bxc4 bxc4 29. Qd1 f6 30. Qd5 Kh7 31. Qxe6 Qa3 32. g3 Qxc3 33. Rxc4 Qe1+ 34. Kg2
a5 35. Rc8 Qe4+ 36. Kf1 Qb1+ 37. Kg2 Qe4+ 38. Kh3 Qg4+ 39. Kg2 Qe4+ 40. Kg1 Qb1+
41. Kg2 Qe4+ {Game drawn by repetition} 1/2-1/2

[Event "Team 45 45 League T34"]
[Site "Internet Chess Club"]
[Date "2007.08.05"]
[Round "3"]
[White "Conjurer"]
[Black "kinchknifeblade"]
[Result "1-0"]
[WhiteElo "1353"]
[BlackElo "1198"]
[Opening "English opening"]
[ECO "A17"]
[Time "22:03:36"]
[TimeControl "2700+45"]

1. c4 e6 2. Nc3 Nf6 3. Nf3 d5 4. cxd5 exd5 5. d4 Be7 6. g3 c6 7. Bg2 O-O 8. O-O
Be6 9. Bf4 Nbd7 10. Rc1 Qb6 11. Na4 Qa6 12. a3 b5 13. Nc5 Nxc5 14. dxc5 Nd7 15.
Be3 f6 16. Qd3 Ne5 17. Qd4 Nc4 18. Ra1 Nxe3 19. Qxe3 Qc8 20. Nd4 Bxc5 21. Qxe6+
Rf7 22. Qxc8+ Rxc8 23. e3 Rb7 24. b4 Bb6 25. Bh3 Rcc7 26. Rac1 c5 27. Ne6 c4 28.
Nxc7 Rxc7 29. Be6+ Kf8 30. Bxd5 c3 31. Bb3 a5 32. bxa5 Bxa5 33. Rfd1 Rc5 34. Rd7
Rc6 35. Kf1 Ke8 36. Rxg7 Rd6 37. Rb7 c2 {Black resigns} 1-0

[Event "Team 45 45 League T34"]
[Site "Internet Chess Club"]
[Date "2007.08.04"]
[Round "3"]
[White "knight2f3"]
[Black "Traho"]
[Result "1-0"]
[WhiteElo "1262"]
[BlackElo "1248"]
[Opening "Queen's pawn game"]
[ECO "D05"]
[Time "15:03:27"]
[TimeControl "2700+45"]

1. Nf3 Nf6 2. d4 d5 3. e3 e6 4. Bd3 Nc6 5. c3 Bd7 6. O-O Bd6 7. Nbd2 O-O 8. e4
dxe4 9. Nxe4 Nxe4 10. Bxe4 Re8 11. Re1 Rb8 12. Ng5 h6 13. Bh7+ Kf8 14. Nf3 f5
15. Bg6 Re7 16. Nh4 Kg8 17. Qh5 Be8 18. Re3 Bxg6 19. Nxg6 Qe8 20. Rh3 f4 21. Qg4
Rf7 22. Nxf4 Nd8 23. Rxh6 Bxf4 24. Bxf4 Qf8 25. Bg3 c6 26. Qg6 Qe8 27. Bxb8
{Black resigns} 1-0

[Event "Team 45 45 League T34"]
[Site "Internet Chess Club"]
[Date "2007.08.05"]
[Round "3"]
[White "wekabird"]
[Black "SeniorCitizen"]
[Result "0-1"]
[WhiteElo "1202"]
[BlackElo "1284"]
[Opening "English opening"]
[ECO "A22"]
[Time "06:00:21"]
[TimeControl "2700+45"]

1. c4 e5 2. Nc3 Nf6 3. e4 Bc5 4. h3 d6 5. Nf3 Nc6 6. a3 a6 7. g3 O-O 8. Bg2 Be6
9. b3 Ba7 10. O-O Qc8 11. Kh2 h6 12. Bb2 Nd4 13. Nxd4 Bxd4 14. Rb1 Nh7 15. Ne2
Ba7 16. f4 f6 17. f5 Bd7 18. Nc3 Bc6 19. Nd5 Bxd5 20. cxd5 Qd7 21. Rc1 Rac8 22.
d3 c5 23. dxc6 Rxc6 24. Rxc6 Qxc6 25. h4 Rc8 26. Qd2 Qd7 27. Bc1 Rc6 28. Qe2 Qc8
29. Qd2 Rc3 30. Kh3 Rxb3 31. Qa2 Qc3 32. Bb2 Qxb2 33. Qxb2 Rxb2 34. Rc1 Bc5 35.
a4 a5 36. Bf1 Rb4 37. Rc4 Rxc4 38. dxc4 Nf8 39. g4 Nd7 40. Bd3 Nb6 41. Bc2 Nxc4
42. Bb3 Kf8 43. Bxc4 Ke7 44. Bd5 b6 45. g5 h5 46. gxf6+ gxf6 47. Bc4 Kf8 48. Be2
b5 49. axb5 a4 50. Bc4 a3 51. Kg3 Ke7 52. Kf3 Kd7 53. Ke2 Kc7 54. Kd3 Kb6 55.
Kc3 a2 56. Kb2 d5 57. exd5 e4 58. Kxa2 Bf2 59. Ka3 Bc5+ 60. Ka4 Bd6 61. Kb3 Bg3
62. Kc3 Bxh4 63. Be2 Bg3 64. Bxh5 Bd6 65. Kc4 e3 66. Be2 Bc5 67. Kd3 Kxb5 68.
Ke4+ Kb6 69. Kf4 Kc7 70. Kg4 Kd6 71. Bf3 Ke5 72. Kh5 Kxf5 73. Bg4+ Ke5 74. Bf3
f5 75. Kg6 f4 76. Kf7 Kd4 77. Ke6 Bb4 78. d6 Ba5 79. d7 Bc7 80. Kf5 Kd3 81. Bg4
Kd4 82. Ke6 Ke4 83. Bf5+ Kf3 84. Bd3 Kf2 85. Kf5 f3 86. Ke4 e2 87. Bxe2 fxe2
{White resigns} 0-1

[Event "Team 45 45 League T34"]
[Site "Internet Chess Club"]
[Date "2007.08.03"]
[Round "3"]
[White "chips"]
[Black "WilmaP"]
[Result "1/2-1/2"]
[WhiteElo "1171"]
[BlackElo "1249"]
[Opening "QGD semi-Slav: 5...Nd7"]
[ECO "D45"]
[Time "07:02:15"]
[TimeControl "2700+45"]

1. d4 d5 2. Nf3 Nd7 3. e3 e6 4. c4 c6 5. Nc3 Ngf6 6. a3 a6 7. Ng5 Qe7 8. Be2 h6
9. Nh3 b5 10. c5 e5 11. b4 Qd8 12. Ng1 Be7 13. Nf3 Qc7 14. Nh4 Nf8 15. Nf3 Ng6
16. a4 Bb7 17. axb5 a5 18. b6 Qc8 19. bxa5 O-O 20. Bd2 Qg4 21. Rg1 e4 22. Ne5
Qh4 23. h3 Nxe5 24. dxe5 Nd7 25. a6 f6 26. e6 Nxc5 27. axb7 Nxb7 28. Ra7 Bc5 29.
Rxb7 d4 30. Qc1 dxc3 31. Qxc3 Qg5 32. Bc4 Rfe8 33. e7+ Kh7 34. Bf7 Rxe7 35. Rxe7
Bxe7 36. b7 Rb8 37. Qxc6 Qf5 38. Qc7 Bd6 39. Qxd6 Rxb7 40. Qd5 Rb1+ 41. Ke2 Qxd5
42. Bxd5 Rxg1 43. Bxe4+ g6 44. Kf3 Rd1 45. Bc3 Kg7 46. Ke2 Rc1 47. Bd4 g5 48.
Bb2 Rc4 49. Bd3 Ra4 50. Bd4 Ra2+ 51. Kf3 Rd2 52. Be4 h5 53. Bc3 Rd1 54. g4 h4
55. Kg2 Rc1 56. Bb2 Rc4 57. Kf3 Rb4 58. Bd4 Kf7 59. Ba8 Rb5 60. Bd5+ Rxd5 61.
Ba7 f5 62. gxf5 Rxf5+ 63. Kg2 Ke6 64. e4 Re5 65. f3 Ra5 66. Be3 Ra2+ 67. Kf1
Ra1+ 68. Kf2 Ke5 69. Bxg5 Ra2+ 70. Kg1 Ra1+ 71. Kf2 Ra2+ 72. Kg1 Ra1+ 73. Kf2
Ra2+ {Game drawn by repetition} 1/2-1/2

[Event "Team 45 45 League T34"]
[Site "Internet Chess Club"]
[Date "2007.08.02"]
[Round "3"]
[White "scottrugby"]
[Black "Russellovich"]
[Result "1/2-1/2"]
[WhiteElo "1464"]
[BlackElo "1594"]
[Opening "Scotch gambit: Dubois-Réti defense"]
[ECO "C55"]
[Time "09:59:36"]
[TimeControl "2700+45"]

1. e4 e5 2. Nf3 Nc6 3. d4 exd4 4. Bc4 Nf6 5. e5 Ne4 6. Qe2 Nc5 7. c3 dxc3 8.
Nxc3 Ne6 9. Be3 Bb4 10. Bd2 O-O 11. O-O d6 12. a3 Bxc3 13. Bxc3 dxe5 14. Nxe5
Ned4 15. Qe4 Bf5 16. Nxc6 Bxe4 17. Nxd8 Raxd8 18. Rad1 Nf5 19. Rxd8 Rxd8 20. Re1
Nd6 21. Rd1 Re8 22. f3 Bxf3 23. Bxf7+ Kxf7 24. gxf3 g6 25. Kf2 Re7 26. Bb4 Rd7
27. Rd4 Ke6 28. Bxd6 cxd6 29. Ke3 d5 30. f4 Rc7 31. Kd2 Rc5 32. b3 b5 33. a4
bxa4 34. Rxa4 a5 35. b4 Rc4 36. Rxa5 Rxb4 37. Ke3 Rb3+ 38. Kd4 Rb4+ 39. Ke3 Rb2
40. Ra6+ Kf5 41. Ra5 Rxh2 42. Rxd5+ Kg4 43. Rg5+ Kh4 44. Kf3 Ra2 45. Rg4+ Kh5
46. Rg5+ Kh6 47. Kg4 Rg2+ 48. Kh4 Rxg5 49. fxg5+ Kg7 50. Kg4 Kf7 51. Kf4 Ke6 52.
Ke4 Kd6 53. Kd4 Ke7 54. Ke5 Kf8 55. Kf4 Kf7 56. Kf3 Ke7 57. Ke3 Kd6 58. Kd4 Ke6
59. Ke4 Kd6 60. Kd4 Ke7 61. Ke5 Kf7 62. Kf4 Kg8 63. Kf3 Kg7 64. Kg4 Kg8 65. Kg3
Kg7 66. Kg4 Kf7 67. Kf4 Kf8 68. Kf3 Kf7 69. Kf4 Ke6 70. Ke4 Kf7 71. Kf4 Kf8 72.
Kf3 Kg7 73. Kg4 Kh8 74. Kh3 Kg8 75. Kg3 h6 76. gxh6 Kh7 77. Kg4 Kh8 78. Kg5 Kh7
79. Kg4 Kxh6 80. Kh4 g5+ 81. Kg4 Kg6 82. Kg3 Kh5 83. Kh3 {Game drawn by mutual
agreement} 1/2-1/2

[Event "Team 45 45 League T34"]
[Site "Internet Chess Club"]
[Date "2007.08.04"]
[Round "3"]
[White "carolinaknight"]
[Black "chess-buddy"]
[Result "1-0"]
[WhiteElo "1296"]
[BlackElo "1321"]
[Opening "Sicilian: Hungarian variation"]
[ECO "B27"]
[Time "09:55:22"]
[TimeControl "2700+45"]

1. e4 c5 2. Nf3 g6 3. d4 cxd4 4. Nxd4 e5 5. Nf3 Nc6 6. Bc4 Nf6 7. Ng5 Bb4+ 8. c3
d5 9. exd5 Bg4 10. f3 Na5 11. Qa4+ Qd7 12. Bb5 Bxc3+ 13. Nxc3 Nc6 14. Be3 Bxf3
15. Nxf3 Nxd5 16. Rd1 Nxc3 17. bxc3 Qc7 18. O-O O-O 19. Ng5 Na5 20. Rc1 f6 21.
Ne6 Qd6 22. Nxf8 b6 23. Bh6 Rxf8 24. Bxf8 Qxf8 25. Rfd1 Qc5+ 26. Kf1 e4 27. Rd8+
Kf7 28. Rd7+ Kf8 29. Rxh7 Qf5+ 30. Kg1 Qf4 31. Qb4+ Kg8 32. Rf1 Qe3+ 33. Kh1
Kxh7 34. Qe7+ Kg8 35. Qxf6 Qh6 36. Qf7+ Kh8 37. Qe8+ Kg7 38. Rf7# {Black
checkmated} 1-0

[Event "Team 45 45 League T34"]
[Site "Internet Chess Club"]
[Date "2007.08.03"]
[Round "3"]
[White "CoasterBrake"]
[Black "WzeroMN"]
[Result "0-1"]
[WhiteElo "1097"]
[BlackElo "1198"]
[Opening "English: symmetrical, three knights system"]
[ECO "A34"]
[Time "10:56:12"]
[TimeControl "2700+45"]

1. c4 c5 2. Nc3 Nf6 3. Nf3 d5 4. cxd5 Nxd5 5. g3 Bg4 6. Bg2 Nxc3 7. bxc3 Nc6 8.
O-O Qd7 9. d4 cxd4 10. cxd4 Bh3 11. Rb1 Bxg2 12. Kxg2 e6 13. Ne5 Qd5+ 14. f3
Nxd4 15. Qa4+ Ke7 16. Rd1 Qxe5 17. Qxd4 Qxd4 18. Rxd4 b6 19. Ba3+ Kf6 20. Bb2
Bc5 21. Rg4+ e5 22. Rd1 Rad8 23. Rxd8 Rxd8 24. Bc3 g6 25. Rf4+ Ke6 26. Re4 f6
27. f4 Kf5 28. Kf3 Bd4 29. g4+ Ke6 30. Be1 f5 31. gxf5+ gxf5 32. Bh4 fxe4+ 33.
Kxe4 Rd7 {White resigns} 0-1

[Event "Team 45 45 League T34"]
[Site "Internet Chess Club"]
[Date "2007.08.04"]
[Round "3"]
[White "furrbrain"]
[Black "supraholic"]
[Result "0-1"]
[WhiteElo "1305"]
[BlackElo "1286"]
[Opening "Scotch game"]
[ECO "C45"]
[Time "13:28:47"]
[TimeControl "2700+45"]

1. e4 e5 2. Nf3 Nc6 3. d4 exd4 4. Nxd4 Bb4+ 5. c3 Bc5 6. Be3 Nf6 7. Nd2 Ne5 8.
Be2 O-O 9. O-O b6 10. Nf5 d6 11. b4 Bxe3 12. Nxe3 d5 13. Qc2 Re8 14. Bb5 Re6 15.
f4 Neg4 16. Nxg4 Nxg4 17. f5 Rh6 18. Nf3 Ne3 19. Qd3 Nxf1 20. Rxf1 Bb7 21. Qe3
a5 22. Ne5 Qd6 23. Qg3 axb4 24. Be2 Rxa2 25. Ng4 Qxg3 26. hxg3 Rxe2 27. Nxh6+
gxh6 28. cxb4 dxe4 29. f6 e3 30. Rd1 Rd2 31. Re1 e2 32. Kf2 Ba6 33. Ke3 Rd1 34.
Kf2 Rxe1 35. Kxe1 c5 36. bxc5 {White resigns} 0-1

[Event "Team 45 45 League T34"]
[Site "Internet Chess Club"]
[Date "2007.08.05"]
[Round "3"]
[White "tammany"]
[Black "gagdad"]
[Result "1-0"]
[WhiteElo "1746"]
[BlackElo "1640"]
[Opening "Scandinavian (center counter) defense"]
[ECO "B01"]
[Time "20:01:20"]
[TimeControl "2700+45"]

1. e4 d5 2. exd5 Qxd5 3. Nc3 Qa5 4. d4 c6 5. Nf3 Nf6 6. Bd2 Qc7 7. Bd3 Bg4 8.
O-O Nbd7 9. Ne4 e6 10. h3 Bh5 11. Ng3 Bg6 12. Bc4 Bd6 13. Be1 h6 14. Bd3 Bxd3
15. Qxd3 O-O 16. c4 c5 17. Ne4 Nxe4 18. Qxe4 Nf6 19. Qd3 cxd4 20. Qxd4 Rfd8 21.
Qh4 Be7 22. b3 Nh7 23. Qe4 Ng5 24. Nxg5 Bxg5 25. Bc3 b5 26. Be5 Qc5 27. cxb5
Qxb5 28. Rad1 Rac8 29. h4 Bxh4 30. Rxd8+ Bxd8 31. Qf4 Qa5 32. Qg3 f6 33. Bf4 Bc7
34. Rc1 e5 35. Bxh6 g5 36. Qg4 Rb8 37. Qd7 {Black resigns} 1-0

[Event "Team 45 45 League T34"]
[Site "Internet Chess Club"]
[Date "2007.08.04"]
[Round "3"]
[White "Codreanou"]
[Black "b-spot"]
[Result "1/2-1/2"]
[WhiteElo "1686"]
[BlackElo "1611"]
[Opening "Réti opening"]
[ECO "A04"]
[Time "13:01:40"]
[TimeControl "2700+45"]

1. Nf3 c5 2. g3 Nc6 3. Bg2 e6 4. c4 Nf6 5. Nc3 d5 6. cxd5 exd5 7. O-O d4 8. Nb5
Be7 9. d3 a6 10. Na3 O-O 11. Bd2 Be6 12. Nc4 b5 13. Nce5 Nxe5 14. Nxe5 Bd5 15.
Nc6 Qd6 16. Nxe7+ Qxe7 17. e4 dxe3 18. fxe3 Bxg2 19. Kxg2 Rad8 20. Bc3 Nd5 21.
Bd2 Nxe3+ 22. Bxe3 Qxe3 23. Rf3 Qd4 24. Qc2 Rfe8 25. Raf1 Rd7 26. Rf4 Qd5+ 27.
Kg1 Rde7 28. Rf5 Qd4+ 29. Qf2 Qxf2+ 30. R1xf2 Re1+ 31. Kg2 Rd1 32. Rxf7 Rxd3 33.
Rc7 Rf8 34. Re2 Rdf3 35. Rxc5 R3f6 36. Rec2 h6 37. b4 Kh7 {Game drawn by mutual
agreement} 1/2-1/2

[Event "Team 45 45 League T34"]
[Site "Internet Chess Club"]
[Date "2007.08.05"]
[Round "3"]
[White "fibin"]
[Black "mongmong"]
[Result "0-1"]
[WhiteElo "1478"]
[BlackElo "1674"]
[Opening "French defense"]
[ECO "C00"]
[Time "12:00:28"]
[TimeControl "2700+45"]

1. e4 e6 2. Nf3 d5 3. exd5 exd5 4. d4 Nf6 5. Nc3 c6 6. Bd3 Bd6 7. Qe2+ Be6 8.
Ng5 Qe7 9. O-O O-O 10. Re1 Re8 11. Nxh7 Nxh7 12. Bxh7+ Kxh7 13. Qh5+ Kg8 14. Bg5
f6 15. Bxf6 Qf7 16. Qxf7+ Kxf7 17. Be5 Bxe5 18. Rxe5 Nd7 19. Re3 Nf6 20. h3 Bf5
21. Rc1 Rxe3 22. fxe3 Re8 23. Kf2 Ne4+ 24. Nxe4 Bxe4 25. c4 Re7 26. cxd5 cxd5
27. b4 a6 28. a4 Ke6 29. g4 Rf7+ 30. Ke2 Bg2 31. h4 Bf3+ 32. Kd2 Bxg4 33. Rg1
Bf3 34. Rg6+ Kd7 35. Rb6 Kc7 36. Rg6 Be4 37. Rg5 g6 38. Re5 Rh7 39. Kc3 Kd6 40.
Re8 Rxh4 41. Rb8 Kc7 42. Rg8 Rh7 43. Rf8 Rg7 44. Rf2 g5 45. Kb2 g4 46. Rc2+ Kd7
{White resigns} 0-1

[Event "Team 45 45 League T34"]
[Site "Internet Chess Club"]
[Date "2007.08.04"]
[Round "3"]
[White "pelayo"]
[Black "werty"]
[Result "0-1"]
[WhiteElo "1672"]
[BlackElo "1463"]
[Opening "French: advance, Euwe variation"]
[ECO "C02"]
[Time "13:22:52"]
[TimeControl "2700+45"]

1. e4 e6 2. d4 d5 3. e5 c5 4. Nf3 Nc6 5. c3 Bd7 6. Be3 cxd4 7. cxd4 Nge7 8. Bd3
Ng6 9. O-O Be7 10. a3 O-O 11. Nc3 a6 12. b4 b5 13. Re1 Rc8 14. Qd2 Be8 15. Bxg6
fxg6 16. Rac1 a5 17. Bg5 Bxg5 18. Nxg5 axb4 19. Nxe6 bxc3 20. Rxc3 Qe7 21. Nxf8
Qxf8 22. Rb1 Rb8 23. Rc5 Nxe5 24. Rxd5 Nc4 25. Qb4 Nxa3 26. Qxf8+ Kxf8 27. Rd1
b4 28. Rc5 b3 29. Ra5 b2 {White resigns} 0-1

[Event "Team 45 45 League T34"]
[Site "Internet Chess Club"]
[Date "2007.08.06"]
[Round "3"]
[White "PrincessChess"]
[Black "chaos-emporor"]
[Result "1/2-1/2"]
[WhiteElo "1770"]
[BlackElo "1637"]
[Opening "French: exchange variation"]
[ECO "C01"]
[Time "19:57:15"]
[TimeControl "2700+45"]

1. e4 e6 2. d4 d5 3. exd5 exd5 4. Nf3 Nf6 5. Bd3 Bd6 6. c3 Be6 7. O-O Nbd7 8.
Bg5 h6 9. Bh4 c6 10. Nbd2 Qc7 11. Bg3 Bxg3 12. fxg3 g5 13. Qc2 O-O-O 14. Bf5
Rdg8 15. Rae1 Bxf5 16. Qxf5 Ne8 17. Ne5 Nd6 18. Qd3 Re8 19. Nxf7 Nxf7 20. Rxe8+
Rxe8 21. Rxf7 Qd6 22. Rf1 Qe6 23. Nf3 Rf8 24. Nd2 Re8 25. Nf3 Rf8 {Game drawn by
mutual agreement} 1/2-1/2

[Event "Team 45 45 League T34"]
[Site "Internet Chess Club"]
[Date "2007.08.04"]
[Round "3"]
[White "Lionskins"]
[Black "OrangeKing"]
[Result "0-1"]
[WhiteElo "1446"]
[BlackElo "1811"]
[Opening "Polish (Sokolsky) opening"]
[ECO "A00"]
[Time "12:01:06"]
[TimeControl "2700+45"]

1. b4 e5 2. Bb2 Bxb4 3. Bxe5 Nf6 4. a3 Be7 5. e3 Nc6 6. Bb2 d5 7. Nf3 Bg4 8. h3
Bxf3 9. Qxf3 d4 10. Bb5 Qd5 11. Qxd5 Nxd5 12. Bxd4 O-O 13. Bb2 Nd8 14. Bd3 Bf6
15. c3 Nb6 16. a4 Nd7 17. Na3 Ne5 18. Be2 Ne6 19. h4 Nc5 20. Rb1 Ned3+ 21. Kf1
Rfd8 22. Ba1 b6 23. Nb5 Ne4 24. Bxd3 Rxd3 25. Rd1 c6 26. Ke2 cxb5 27. axb5 Rad8
28. Kf3 Nxd2+ 29. Kg4 Ne4 30. Rdf1 Bxc3 31. Kf4 Nf6 32. Bxc3 Nd5+ 33. Kf3 Nxc3
34. Ra1 Nxb5 35. Rhb1 Ra3 36. Rxa3 Nxa3 37. Rb3 Nc4 38. Rb4 Na5 39. Ra4 f6 40.
Kf4 Rc8 41. Ra3 Rc4+ 42. Kg3 Kf7 43. Rd3 Rc7 44. Kf3 Nc4 45. Ke2 a5 46. Rc3 b5
47. Kd3 Ne5+ 48. Kc2 Rxc3+ 49. Kxc3 Ke6 50. f4 Nc6 51. g4 Kd5 52. g5 Ke4 53. Kd2
a4 54. Kc3 Kxe3 55. f5 b4+ 56. Kb2 Kf4 {White resigns} 0-1

[Event "Team 45 45 League T34"]
[Site "Internet Chess Club"]
[Date "2007.08.04"]
[Round "3"]
[White "Bedouksofhazzar"]
[Black "Bookkeeper"]
[Result "1-0"]
[WhiteElo "1805"]
[BlackElo "1522"]
[Opening "Sicilian: Grand Prix attack"]
[ECO "B23"]
[Time "10:13:28"]
[TimeControl "2700+45"]

1. e4 c5 2. Nc3 Nc6 3. f4 d6 4. Nf3 g6 5. Bb5 Bd7 6. O-O Bg7 7. d3 Nf6 8. Qe1
O-O 9. Bxc6 Bxc6 10. Qh4 Rc8 11. f5 Qb6 12. Rb1 c4+ 13. Kh1 cxd3 14. cxd3 Bb5
15. Nxb5 Qxb5 16. Bh6 Qxd3 17. Ng5 Rc4 18. Rbe1 gxf5 19. Rxf5 Qd2 20. Bxg7 Rfc8
21. Bxf6 Qxe1+ 22. Qxe1 Rc1 23. Nf3 exf6 24. Rxf6 Kg7 25. Rf4 Rxe1+ 26. Nxe1 Rc1
27. Rf1 Rb1 28. Kg1 Rxb2 29. Rf2 Rb1 30. Kf1 b5 31. Rd2 Rb4 32. Rxd6 Rxe4 33.
Ra6 Re7 34. Ra5 Rb7 35. Nd3 b4 36. Nc5 Rb6 37. Rxa7 Rb5 38. Ne6+ Kf6 39. Nd8 b3
40. Rxf7+ Kg6 41. axb3 Rxb3 42. Rb7 Rd3 43. Ne6 Rd6 44. Nf8+ Kf5 45. Rf7+ Ke4
46. Nxh7 Ke3 47. Rf3+ Kd2 48. Ng5 Rh6 49. Ne4+ Kc2 50. h3 Ra6 51. g4 Ra1+ 52.
Kg2 Ra4 53. Rf2+ Kd3 54. Nc5+ {Black resigns} 1-0

[Event "Team 45 45 League T34"]
[Site "Internet Chess Club"]
[Date "2007.08.04"]
[Round "3"]
[White "AngryPirate"]
[Black "CSCARChaplain"]
[Result "1/2-1/2"]
[WhiteElo "1537"]
[BlackElo "653"]
[Opening "French: advance, Paulsen attack"]
[ECO "C02"]
[Time "13:00:01"]
[TimeControl "2700+45"]

1. e4 e6 2. d4 d5 3. e5 c5 4. c3 Nc6 5. Nf3 c4 6. Be2 Nh6 7. Bxh6 gxh6 8. O-O b6
9. Kh1 Bb7 10. Ng1 Be7 11. Qc1 Na5 12. Qxh6 Bf8 13. Qc1 Rg8 14. Nh3 Qe7 15. Nd2
O-O-O 16. b3 b5 17. b4 Nc6 18. a4 Qh4 19. Nf3 Qh6 20. Qxh6 Bxh6 21. axb5 Ne7 22.
Rxa7 Kc7 23. Rfa1 Ra8 24. Rxa8 Rxa8 25. Rxa8 Bxa8 26. Nhg5 Bxg5 27. Nxg5 Ng6 28.
Nxf7 Kb6 29. Ng5 Kxb5 30. Nxe6 Bc6 31. Bf3 Ka4 32. Nc7 Ne7 33. g4 Kb3 34. b5 Bb7
35. Be2 Kxc3 36. Nxd5+ Bxd5+ 37. Kg1 Kb2 38. Bxc4 Bxc4 39. Kg2 Bxb5 40. Kf3 Bc6+
41. Kf4 Kc3 42. Kg5 Kxd4 43. Kf6 Nd5+ 44. Ke6 Ba4 45. Kf5 Ne7+ 46. Ke6 Nc6 47.
f4 Nd8+ 48. Kf6 Ke4 49. f5 Kf4 50. g5 Bc2 51. g6 hxg6 52. fxg6 Bb3 53. h4 Kg4
54. e6 Nxe6 55. Kf7 Kxh4 56. g7 Ng5+ 57. Kf8 Ne6+ 58. Kf7 Nxg7+ 59. Kxg7 {Game
drawn because neither player has mating material} 1/2-1/2

[Event "Team 45 45 League T34"]
[Site "Internet Chess Club"]
[Date "2007.08.02"]
[Round "3"]
[White "frankd"]
[Black "bmw2002"]
[Result "1/2-1/2"]
[WhiteElo "1687"]
[BlackElo "1711"]
[Opening "Caro-Kann: exchange, Rubinstein variation"]
[ECO "B13"]
[Time "20:11:01"]
[TimeControl "2700+45"]

1. e4 c6 2. d4 d5 3. exd5 cxd5 4. Bd3 Nc6 5. c3 Nf6 6. Bf4 g6 7. Nf3 Bg7 8. Nbd2
O-O 9. O-O Nh5 10. Be3 f5 11. Nb3 e5 12. dxe5 Nxe5 13. Nxe5 Bxe5 14. Bd4 Bd6 15.
Qf3 Be6 16. Rfe1 Bf7 17. Be5 Re8 18. Bxd6 Qxd6 19. Rad1 Rad8 20. Nd4 Nf4 21. Bc2
a6 22. Qg3 Kh8 23. Nf3 Ne2+ 24. Rxe2 Rxe2 25. Qxd6 Rxd6 26. Nd4 Re8 27. f4 h6
28. Nf3 Kg7 29. Kf2 Kf6 30. h4 Rde6 31. Ne5 R6e7 32. Bb3 Rxe5 33. fxe5+ Kxe5 34.
Re1+ Kd6 35. Rd1 Re4 36. g3 g5 37. hxg5 hxg5 38. Rh1 Be6 39. Rh5 Rg4 40. Bd1 Re4
41. Rxg5 d4 42. Bf3 Re5 43. cxd4 Rb5 44. b3 b6 45. g4 Ra5 46. a4 fxg4 47. Rxa5
bxa5 48. Be2 Bxb3 49. Kg3 Bxa4 50. Bxa6 Kd5 51. Kxg4 Kxd4 52. Kf3 Kc5 53. Ke3
Bb5 54. Kd2 Bxa6 55. Kc2 Kb4 56. Kb2 Bc4 57. Ka1 {Game drawn by mutual
agreement} 1/2-1/2

[Event "Team 45 45 League T34"]
[Site "Internet Chess Club"]
[Date "2007.08.05"]
[Round "3"]
[White "Luckydawg"]
[Black "quotha"]
[Result "1-0"]
[WhiteElo "1705"]
[BlackElo "1529"]
[Opening "English opening"]
[ECO "A20"]
[Time "07:58:17"]
[TimeControl "2700+45"]

1. c4 e5 2. g3 Bc5 3. Bg2 f5 4. Nc3 Nf6 5. e3 O-O 6. Nge2 e4 7. d3 Re8 8. O-O
exd3 9. Qxd3 d6 10. b3 Nc6 11. Bb2 Ne5 12. Qd2 Neg4 13. Nd5 Ne4 14. Bxe4 fxe4
15. b4 Bb6 16. Nef4 Ne5 17. Qc3 c6 18. Nxb6 axb6 19. Qb3 Nf3+ 20. Kg2 Be6 21.
Qc3 Qg5 22. Rad1 Rad8 23. Kh1 Qh6 24. h4 Bg4 25. Ng2 Ne5 26. Rd2 Bf3 27. Kg1 Re7
28. Ne1 Qe6 29. Kh2 Qg4 30. Qb3 Kh8 31. Bxe5 Rxe5 32. Nxf3 exf3 33. Qc3 Qh5 34.
Rfd1 Re6 35. Rd4 Kg8 36. Rf4 Rf8 37. Qd4 Rxf4 38. Qxf4 Rf6 39. Qe4 g5 40. Qe7
Qf7 41. Qd8+ Kg7 42. Rxd6 g4 43. Rd7 {Black resigns} 1-0

[Event "Team 45 45 League T34"]
[Site "Internet Chess Club"]
[Date "2007.08.04"]
[Round "3"]
[White "MathWorker"]
[Black "PRO-CHESS"]
[Result "1-0"]
[WhiteElo "1538"]
[BlackElo "1556"]
[Opening "Caro-Kann: classical variation"]
[ECO "B19"]
[Time "14:02:00"]
[TimeControl "2700+45"]

1. e4 c6 2. d4 d5 3. Nc3 dxe4 4. Nxe4 Bf5 5. Ng3 Bg6 6. Nf3 h6 7. h4 Qc7 8. Ne5
Bh7 9. Bc4 e6 10. Bf4 Bd6 11. Bd3 Bxd3 12. Qxd3 Nf6 13. Ne4 Nbd7 14. Nxd6+ Qxd6
15. Ng6 e5 16. Nxe5 Nxe5 17. Bxe5 Qe6 18. O-O O-O 19. Rfe1 b6 20. c3 c5 21. dxc5
bxc5 22. Bd6 Qd7 23. Qg3 Rfe8 24. f3 Qf5 25. Qf2 c4 26. Re2 Rxe2 27. Qxe2 Re8
28. Qf1 Qb5 29. Ba3 Nh5 30. b4 Nf4 31. Re1 Qb6+ 32. Kh1 Rxe1 33. Qxe1 Qg6 34.
Qd2 Qg3 35. Bc1 Nd3 36. Qe3 Ne1 37. Qe8+ Kh7 38. Qe4+ g6 39. Qg4 Qe5 40. Qf4 Nd3
41. Qxh6+ Kg8 42. Qe3 Qxc3 43. Bd2 Qa1+ 44. Kh2 Qxa2 45. Qe8+ {Black resigns}
1-0

[Event "Team 45 45 League T34"]
[Site "Internet Chess Club"]
[Date "2007.08.04"]
[Round "3"]
[White "chipionero"]
[Black "viking99"]
[Result "0-1"]
[WhiteElo "1671"]
[BlackElo "1867"]
[Opening "Grünfeld: Russian, Alekhine (Hungarian) variation"]
[ECO "D97"]
[Time "11:06:42"]
[TimeControl "2700+45"]

1. d4 Nf6 2. c4 g6 3. Nc3 d5 4. Nf3 Bg7 5. Qb3 dxc4 6. Qxc4 O-O 7. e4 a6 8. Bf4
b5 9. Qxc7 Qxc7 10. Bxc7 Bb7 11. a3 Nxe4 12. Nxe4 Bxe4 13. Be2 Nc6 14. Rd1 Rfc8
15. Bb6 Rab8 16. Bc5 e6 17. O-O Bh6 18. Ne1 Rd8 19. Bf3 Bd5 20. Bxd5 Rxd5 21.
Nc2 Rbd8 22. Ne3 R5d7 23. Bb6 Rb8 24. Bc5 Na5 25. Rd3 Nb7 26. Bb4 Rbd8 27. Rfd1
Bg7 28. Bc3 Nc5 29. R3d2 Ne4 30. Rd3 Nxc3 31. bxc3 Rc8 32. R1d2 Rdc7 33. Rc2 Bf8
34. Nd1 Rc6 35. Ra2 Rc4 36. Kf1 a5 37. Ke2 b4 38. axb4 axb4 39. cxb4 Bxb4 40.
Ne3 Rc1 41. Ng4 R1c2+ 42. Rxc2 Rxc2+ 43. Ke3 Kg7 44. Rd1 Bd6 45. h3 f6 46. Rd2
Bf4+ 47. Kxf4 Rxd2 48. Ke3 Ra2 49. Nh2 h5 50. Nf3 g5 51. Ne1 Kg6 52. Nd3 Kf5 53.
Nc5 Ra3+ 54. Ke2 Ra2+ 55. Ke3 Rb2 56. Kf3 Rb6 57. g4+ hxg4+ 58. hxg4+ Kg6 59.
Kg3 f5 60. gxf5+ exf5 61. Kf3 Kh5 62. Kg2 Kh4 63. Nd3 Rd6 64. Ne1 g4 65. Nc2 f4
66. Kf1 Kh3 67. Ke2 Kg2 68. Ne1+ Kg1 69. Nc2 Re6+ 70. Kd3 Kxf2 71. d5 Rd6 72.
Ke4 f3 73. Ne3 Rg6 74. Kf4 g3 75. Ng4+ Rxg4+ {White resigns} 0-1

[Event "Team 45 45 League T34"]
[Site "Internet Chess Club"]
[Date "2007.08.04"]
[Round "3"]
[White "rubashov"]
[Black "jjmolina"]
[Result "1-0"]
[WhiteElo "1626"]
[BlackElo "1560"]
[Opening "Ruy Lopez: closed, Bogolyubov variation"]
[ECO "C91"]
[Time "14:07:01"]
[TimeControl "2700+45"]

1. e4 e5 2. Nf3 Nc6 3. Bb5 a6 4. Ba4 Nf6 5. O-O Be7 6. Re1 b5 7. Bb3 d6 8. c3
O-O 9. d4 Bg4 10. d5 Na5 11. Bc2 c5 12. b3 Qc7 13. h3 Bh5 14. Bg5 Nb7 15. Bxf6
Bxf6 16. g4 Bg6 17. Nbd2 h6 18. a4 Rfb8 19. Qe2 Nd8 20. axb5 axb5 21. Rxa8 Rxa8
22. Qxb5 Ra2 23. Qd3 Nb7 24. Nc4 Na5 25. Nxa5 Qxa5 26. Kg2 Ra3 27. Nd2 Ra2 28.
Nc4 Qc7 29. Rb1 Bh4 30. Qd1 Qe7 31. f3 h5 32. Ra1 Rxa1 33. Qxa1 hxg4 34. hxg4
Qg5 35. Qh1 Qf6 36. Nxd6 Bg5 37. Nf5 Bd2 38. c4 Ba5 39. Qh4 Bxf5 40. Qxf6 gxf6
41. exf5 Kg7 42. Kf2 Kh6 43. Ke3 Kg5 44. Ke4 Bc7 45. b4 cxb4 46. c5 {Black
resigns} 1-0